 Dungeon Crawl Stone Soup version 0.29.1-13-g9f3cf754e1 (webtiles) character file.

Game seed: 14252030841634803446

51 javelincjr the Magician (level 4, -2/31 HPs)
             Began as a Djinni Conjurer on Feb 8, 2023.
             Killed by divine providence
             ... invoked by an orc priest
              (7 damage)
             ... on level 2 of the Dungeon.
             The game lasted 00:03:33 (1292 turns).

javelincjr the Magician (Djinni Conjurer)           Turns: 1292, Time: 00:03:34

Health: -2/31      AC:  2    Str:  8    XL:     4   Next: 7%
Gold:   80         EV: 12    Int: 19    God:
                   SH:  0    Dex: 12

rFire   + + .      SeeInvis .   l - +2 short sword (protect)
rCold   x . .      Faith    .   (no shield)
rNeg    . . .      Spirit   .   a - +0 robe
rPois   ∞          Reflect  .   (no helmet)
rElec   .          Harm     .   (no cloak)
rCorr   .          Rampage  .   (no gloves)
Will    .....                   (boots unavailable)
Stlth   ++........              (no amulet)
HPRegen 0.10/turn               (no ring)
MPRegen 0.00/turn               (no ring)

@: mighty, flying
A: sickness immunity, fire resistance 2, cold vulnerability 1, float, innate
caster, HP casting, extra vitality 1
a: no special abilities


You were on level 2 of the Dungeon.
You visited 1 branch of the dungeon, and saw 2 of its levels.

You collected 80 gold pieces.

Inventory:

Hand Weapons
 l - a +2 short sword of protection (weapon)
Armour
 a - a +0 robe (worn)
Magical Staves
 m - a staff of conjuration
Scrolls
 c - a scroll of amnesia {unknown}
 d - 3 scrolls of identify {unknown}
 e - a scroll of enchant weapon {unknown}
 h - a scroll of vulnerability {unknown}
 j - a scroll of blinking {unknown}
 k - a scroll of poison {unknown}
Potions
 f - a potion of flight
 g - a potion of ambrosia {unknown}
 i - a potion of attraction {unknown}
 n - 2 potions of mutation {unknown}
 o - a potion of heal wounds {unknown}


   Skills:
 + Level 2.3 Dodging
 + Level 1.7 Stealth
 + Level 4.1 Spellcasting


You couldn't memorise any spells.
You knew the following spells:

 Your Spells              Type           Power      Damage    Failure   Level
a - Magic Dart            Conj           76%        1d6       2%          1
b - Searing Ray           Conj           38%        2d5       3%          2
c - Dazzling Flash        Conj/Hex       38%        N/A       8%          3
d - Fulminant Prism       Conj/Hex       9%         3d7       24%         4
e - Iskenderun's Mystic   Conj/Tloc      19%        2d6       24%         4
f - Freeze                Ice            76%        1d9       2%          1
Your spell library was empty.

Dungeon Overview and Level Annotations

Branches:
Dungeon (2/15)

Altars:


Innate Abilities, Weirdness & Mutations

You are immune to sickness and miasma.
You are immune to poison.
Your flesh is very heat resistant. (rF++)
You are vulnerable to cold. (rC-)
You float through the air rather than walking.
You learn spells naturally, not from books.
Your magical power is your life essence.
You have superior vitality. (+4 MHP)


Message History

You feel a surge of power!
The magic dart hits something but does no damage.
Casting: Magic Dart (safe; 3% risk of failure)
Confirm with . or Enter, or press ? or * to list all spells.
Aiming: Searing Ray (safe; 4% risk of failure)
Press: ? - help, Shift-Dir - straight line, f - orc, p - orc
Aim: an orc, wielding a +0 falchion (79% to hit)
You feel a surge of power!
The searing ray hits something.
The searing ray hits the orc.
The orc is severely wounded.
The searing ray hits the orc!
You kill the orc! (Press . to maintain the ray.)
Something hits you.
The searing ray hits something.
The searing ray hits the orc but does no damage.
The orc is severely wounded.
Something hits you but does no damage.
The searing ray hits something!
Reactivating autopickup.
You feel a bit more experienced.
The searing ray hits the orc.
You kill the orc!
The searing ray hits the orc priest.
The orc priest is heavily wounded.
The orc priest mumbles some strange prayers to Beogh against you.
Pain shoots through your body!
* * * LOW HITPOINT WARNING * * *
Your Spellcasting skill increases to level 4!
You have reached level 4!
You feel agile.
Okay, then.
It was a potion of flight.
You feel more buoyant.
It was a potion of might.
You feel very mighty all of a sudden.
Your +2 short sword of protection hums with potential!
l - a +2 short sword of protection (weapon)
The orc priest calls down the wrath of Beogh upon you.
Beogh smites you!
You die...

####....................##
#######..............##
#..#######......#. #.###$
$###....... #.# #.......
#.#...... #..#....
#.#.#o.. .#.###... #.#..oo
..#. #... #@#o{. o..# ####
#o#.. .... #.#.#...#.
#o#....... #.........
#####...## ... .


You could see an orc priest and an orc.

Vanquished Creatures
  An orc wizard (D:2)
  An adder (D:2)
  A dart slug (D:2)
  2 orcs (D:2)
  3 endoplasms (D:1)
  2 kobolds
  A ball python (D:2)
  2 goblins (D:1)
  2 rats
15 creatures vanquished.

Notes
Turn   | Place    | Note
-------+----------+-------------------------------------------
     0 | D:1      | javelincjr the Djinni Conjurer began the quest for the Orb.
     0 | D:1      | javelincjr set off with the following spells memorised:
                  | Magic Dart, Searing Ray, Dazzling Flash, Fulminant Prism,
                  | Iskenderun's Mystic Blast.
     0 | D:1      | Reached XP level 1. HP: 15/15 MP: 0/0
   447 | D:1      | Reached XP level 2. HP: 18/21 MP: 0/0
  1106 | D:2      | Reached XP level 3. HP: 21/25 MP: 0/0
  1106 | D:2      | Learned a level 1 spell: Freeze
  1289 | D:2      | Reached skill level 4 in Spellcasting
  1289 | D:2      | Reached XP level 4. HP: 4/31 MP: 0/0
  1292 | D:2      | Killed from afar by an orc priest

Illustrated notes

Levels and vault maps discovered:
D:1:      dpeg_arrival_shelter, layout_rooms, kennysheep_minor_cross,
          dk_noncrumbling_3
D:2:      cheibrodos_pilgrimage, layout_rooms, serial_co_window_serial,
          co_window_paths_b, co_window_paths_b, co_window_paths_b,
          co_window_corner_a, co_window_cross_1, co_window_broadway_a,
          co_window_broadway_a, co_window_corner_cb, co_window_of_opportunity_c,
          uniq_sigmund

Skill      XL: |  1  2  3 |
---------------+----------+-----
Spellcasting   | 4 |  4.1
Dodging        | |  2.3
Stealth        | |  1.7

Action                   |  1- 3 |  4- 6 || total
-------------------------+-------+-------++-------
Melee: Unarmed           |     2 |       ||     2
       Punch             |     1 |       ||     1
 Cast: Magic Dart        |    30 |       ||    30
       Searing Ray       |     1 |       ||     1
  Use: Potion            |     1 |     2 ||     3
Armor: Robe              |     1 |       ||     1
Dodge: Dodged            |     3 |       ||     3
